 Dungeon Crawl Stone Soup version 0.21-a0-26-g7b23a2f (webtiles) character file.

143 tof the Poker (level 5, -3/39 HPs)
             Began as a Merfolk Gladiator on May 25, 2017.
             Slain by an orc
             ... wielding a +1 trident of protection
              (4 damage)
             ... on level 3 of the Dungeon.
             The game lasted 00:03:07 (2137 turns).

tof the Poker (Merfolk Gladiator)                   Turns: 2137, Time: 00:03:09

Health: -3/39      AC:  4    Str: 15    XL:     5   Next: 25%
Magic:  5/5        EV: 15    Int:  7    God:
Gold:   109        SH:  0    Dex: 16    Spells: 4/4 levels left

rFire    . . .     SeeInvis .   a - +0 trident
rCold    . . .     Gourm    .   (no shield)
rNeg     . . .     Faith    .   b - +0 leather armour
rPois    .         Spirit   .   c - +0 helmet
rElec    .         Reflect  .   (no cloak)
rCorr    .         Harm     .   (no gloves)
MR       .....                  (no boots)
Stlth    +.........             (no amulet)
Regen    0.2/turn               (no ring)
MPRegen  0.1/turn               (no ring)

@: no status effects
A: change form in water, swift swim, stealthy swim
a: no special abilities


You were on level 3 of the Dungeon.
You were not hungry.

You visited 1 branch of the dungeon, and saw 3 of its levels.

You collected 109 gold pieces.

Inventory:

Hand Weapons
 a - a +0 trident (weapon)
Missiles
 d - 3 throwing nets (quivered)
Armour
 b - a +0 leather armour (worn)
 c - a +0 helmet (worn)
Scrolls
 i - 2 scrolls of immolation {unknown}
 j - a scroll of magic mapping {unknown}
 o - a scroll of amnesia {unknown}
 p - a scroll of blinking {unknown}
 q - a scroll of remove curse {unknown}
Potions
 e - a potion of might {unknown}
 h - 2 potions of haste {unknown}
 l - 2 potions of berserk rage {unknown}
 m - 2 potions of heal wounds {unknown}
Comestibles
 f - 4 bread rations
 g - a fruit
 k - a royal jelly
 n - 6 chunks of flesh


   Skills:
 + Level 2.6 Fighting
 * Level 6.2 Polearms
 + Level 3.2 Throwing
 + Level 5.0 Dodging


You had 4 spell levels left.
You didn't know any spells.

Dungeon Overview and Level Annotations

Branches:
Dungeon (3/15)

Altars:


Message History

You hit the orc wizard but do no damage.
The orc wizard is severely wounded.
The orc wizard points at you and mumbles some strange words.
The magic dart hits you!
You hit the orc wizard but do no damage.
The orc wizard is severely wounded.
The orc wizard hits you with a dagger of protection.
* * * LOW HITPOINT WARNING * * *
The orc closely misses you.
The orc wizard hits you but does no damage.
You hit the orc wizard but do no damage.
The orc wizard is severely wounded.
The orc wizard barely misses you. The orc misses you.
You hit the orc wizard.
The orc wizard is severely wounded.
The orc wizard gestures at you while chanting.
The magic dart hits you!
* * * LOW HITPOINT WARNING * * *
The orc hits you from afar with a trident of protection.
You die...

..# ... #o# #o#
#o# #o# #o# #@#
#.# #.#####
#....># #####.#
.#######.#
.........#
###.######..##.##
.........(........


You could see an orc wizard and 4 orcs.

Vanquished Creatures
  8 adders (D:2)
  2 worms (D:2)
  3 dart slugs (D:1)
  2 giant cockroaches
  7 goblins
  6 hobgoblins
  8 jackals (D:1)
  A quokka (D:3)
  A ball python (D:1)
  6 bats
  3 frilled lizards
  9 kobolds
  4 rats
60 creatures vanquished.

Notes
Turn   | Place    | Note
-------+----------+-------------------------------------------
     0 | D:1      | tof the Merfolk Gladiator began the quest for the Orb.
     0 | D:1      | Reached XP level 1. HP: 16/16 MP: 1/1
   166 | D:1      | Reached XP level 2. HP: 21/22 MP: 2/2
   305 | D:1      | Reached skill level 5 in Polearms
   306 | D:1      | Reached XP level 3. HP: 16/27 MP: 3/3
  1187 | D:2      | Reached XP level 4. HP: 30/34 MP: 4/4
  1741 | D:2      | Reached skill level 5 in Dodging
  1741 | D:2      | Reached XP level 5. HP: 39/39 MP: 5/5
  1754 | D:2      | Reached skill level 6 in Polearms
  1997 | D:2      | Found a faded altar of an unknown god.
  2137 | D:3      | HP: 1/39 [orc wizard/magic dart (8)]
  2137 | D:3      | Slain by an orc

Vault maps used:
D:1:      dpeg_arrival_three_same_balls
D:2:      first_bread, chequers_ecumenical_altar_grove
D:3:      xom_butterflies

Skill      XL: |  1  2  3  4  5 |
---------------+----------------+-----
Polearms       | 5 6 |  6.2
Throwing       | 3 |  3.2
Dodging        | 5 |  5.0
Fighting       | |  2.6

Action                   |  1- 3 |  4- 6 || total
-------------------------+-------+-------++-------
Melee: Trident           |    94 |   135 ||   229
 Stab: Sleeping          |     1 |     3 ||     4
  Eat: Chunk             |       |     4 ||     4
Armor: Leather armour    |    20 |    23 ||    43
Dodge: Dodged            |    60 |    90 ||   150
